 Dungeon Crawl Stone Soup version 0.31-a0-174-g85c54bcb58 (webtiles) character file.

Game seed: 6990142749886536873

2156 Anon1729 the Trooper (level 9, -1/70 (79) HPs)
             Began as a Minotaur Monk on June 15, 2023.
             Was a High Priest of Uskayaw.
             Slain by a wight
             ... wielding a +4 long sword
              (6 damage)
             ... on level 7 of the Dungeon.
             The game lasted 00:03:30 (6812 turns).

Anon1729 the Trooper (Minotaur Monk)                Turns: 6812, Time: 00:03:31

HP:   -1/70 (79)    AC: 10    Str: 15    XL:     9   Next: 10%
MP:   11/11         EV: 13    Int:  7    God:    Uskayaw [*****.]
Gold: 214           SH:  0    Dex: 18    Spells: 8/8 levels left

rFire   . . .        o - +2 dagger (venom)
rCold   . . .        d - orb {light}
rNeg    . . .        D - +2 scale mail {rPois}
rPois   +            (helmet restricted)
rElec   .            (no cloak)
rCorr   .            (no gloves)
SInv    .            m - +0 pair of boots
Will    .....        (no amulet) Stlth
                     (no ring)
HPRegen 0.31/turn    (no ring)
MPRegen 0.12/turn

%: no passive effects
@: glowing, heavily drained
A: horns 2, retaliatory headbutt
a: Renounce Religion, Stomp, Line Pass, Grand Finale


You were on level 7 of the Dungeon.
You worshipped Uskayaw.
Uskayaw was noncommittal.
You visited 2 branches of the dungeon, and saw 8 of its levels.

You collected 214 gold pieces.

Inventory:

Hand Weapons
 a - a +0 short sword
 o - a +2 dagger of venom (weapon)
 r - a +1 short sword of draining
Missiles
 E - a throwing net
Armour
 b - a +0 robe
 d - an orb of light (worn)
 m - a +0 pair of boots (worn)
 s - a +1 robe of positive energy
 D - a +2 scale mail of poison resistance (worn)
Jewellery
 l - a ring of wizardry
 w - a +5 ring of evasion
Scrolls
 e - a scroll of vulnerability {unknown}
 g - 4 scrolls of identify {unknown}
 h - a scroll of enchant weapon {unknown}
 i - 2 scrolls of poison {unknown}
 j - 2 scrolls of immolation {unknown}
 n - 3 scrolls of teleportation
 q - 3 scrolls of amnesia {unknown}
 y - a scroll of butterflies {unknown}
 z - 2 scrolls of revelation {unknown}
 B - a scroll of fog {unknown}
 F - a scroll of acquirement {unknown}
 G - a scroll of blinking {unknown}
Potions
 c - a potion of ambrosia
 f - 5 potions of curing
 k - 3 potions of mutation {unknown}
 p - 5 potions of brilliance {unknown}
 t - a potion of lignification {unknown}
 u - 2 potions of haste {unknown}
 v - a potion of attraction {unknown}
 x - a potion of magic {unknown}
 A - 2 potions of might {unknown}
 C - 3 potions of enlightenment {unknown}
 H - a potion of degeneration {unknown}
 I - a potion of heal wounds {unknown}
 J - a potion of invisibility {unknown}


   Skills:
 + Level 7.4 Fighting
 + Level 6.7 Short Blades
 + Level 6.2 Armour
 + Level 6.7 Dodging
 + Level 5.1 Invocations


You had 8 spell levels left.
You didn't know any spells.
Your spell library contained the following spells:

 Spells                   Type           Power      Damage    Failure   Level
 Lesser Beckoning         Tloc           0%         N/A       94%         2
 Gell's Gravitas          Tloc           0%         N/A       99%         3
 Teleport Other           Tloc           0%         N/A       99%         3
 Vhi's Electric Charge    Tloc/Air       0%         N/A       99%         3
 Arcjolt                  Conj/Air       0%         1d10      100%        5
 Summon Forest            Summ/Tloc      0%         N/A       100%        5
 Summon Mana Viper        Hex/Summ       0%         N/A       100%        5
 Plasma Beam              Fire/Air       0%         2x1d10    100%        6
 Summon Cactus Giant      Summ           0%         N/A       100%        6


Dungeon Overview and Level Annotations

Branches:
Dungeon (7/15)             Temple (1/1) D:4

Altars:
Ashenzari
Dithmenos
Elyvilon
Fedhas
Hepliaklqana
Kikubaaqudgha
Makhleb
Okawaru
Qazlal
Ru
Trog
Uskayaw
Yredelemnul
Zin
The Shining One

Portals:
Abyss: D:4

Annotations:
D:4 2 transporters, Shym's ghost, amateur HOMo


Innate Abilities, Weirdness & Mutations

You have a pair of horns on your head.
You reflexively headbutt those who attack you in melee.


Message History

You are too injured to fight recklessly!
You are too injured to fight recklessly!
You are too injured to fight recklessly!
You are too injured to fight recklessly!
You are too injured to fight recklessly!
You are too injured to fight recklessly!
You are too injured to fight recklessly!
You are too injured to fight recklessly!
You are too injured to fight recklessly!
You hit the wight but do no damage. You headbutt the wight.
The wight is almost destroyed.
The wight is no longer sharing its pain.
The wight hits you from afar with a +1 spear.
You feel drained.
The wight hits you with a +4 long sword.
You hit the wight but do no damage.
The wight is almost destroyed.
You hit the wight but do no damage.
The wight is almost destroyed.
The wight hits you from afar with a +1 spear.
The wight hits you with a +4 long sword.
You feel drained.
You hit the wight but do no damage.
The wight is almost destroyed.
The wight is no longer sharing its pain.
The wight hits you with a +4 long sword.
* * * LOW HITPOINT WARNING * * *
You feel drained.
The wight hits you from afar with a +1 spear!
* * * LOW HITPOINT WARNING * * *
You hit the wight but do no damage.
The wight is almost destroyed.
You hit the wight but do no damage.
The wight is almost destroyed.
The wight hits you from afar with a +1 spear.
* * * LOW HITPOINT WARNING * * *
You feel drained.
* * * LOW HITPOINT WARNING * * *
The wight hits you with a +4 long sword.
You die...

.......
.......
..>....
.......
.......
....)
####
#zz##...#
#@....#
#.....#
#.....#
#######


You could see 2 wights.

Vanquished Creatures
  Sigmund (D:2)
  Eustachio (D:5)
  A water moccasin (D:6)
  2 phantoms
  Blork the orc (D:5)
  6 scorpions
  6 wights
  A jelly (D:5)
  4 hounds (D:5)
  6 orc priests
  3 iguanas
  7 orc wizards
  Natasha (thrice) (D:2)
  Robin (D:2)
  4 gnolls (D:4)
  5 adders
  2 white imps (D:6)
  2 worms (D:2)
  2 dart slugs
  16 orcs
  9 ball pythons
  4 endoplasms
  6 giant cockroaches
  10 goblins
  5 hobgoblins
  4 jackals (D:3)
  11 kobolds
  4 quokkas
  8 bats
  6 frilled lizards
  5 rats
146 creatures vanquished.

Notes
Turn   | Place    | Note
-------+----------+-------------------------------------------
     0 | D:1      | Anon1729 the Minotaur Monk began the quest for the Orb.
     0 | D:1      | Reached XP level 1. HP: 19/19 MP: 0/0
   136 | D:1      | Reached XP level 2. HP: 26/27 MP: 1/1
   266 | D:1      | Reached skill level 1 in Armour
   467 | D:1      | Reached skill level 1 in Invocations
   494 | D:1      | Reached skill level 4 in Fighting
   501 | D:1      | Reached XP level 3. HP: 33/33 MP: 2/2
  1252 | D:2      | Noticed Robin
  1386 | D:2      | Killed Robin
  1387 | D:2      | Reached XP level 4. HP: 33/40 MP: 2/4
  1476 | D:2      | Noticed Sigmund
  1488 | D:2      | Killed Sigmund
  1489 | D:2      | Reached XP level 5. HP: 13/47 MP: 5/5
  1706 | D:2      | Found an ancient bone altar of Kikubaaqudgha.
  1763 | D:2      | Noticed Natasha
  1768 | D:2      | Killed Natasha
  1769 | D:2      | Reached XP level 6. HP: 52/55 MP: 6/6
  1932 | D:2      | Noticed Natasha
  1936 | D:2      | Killed Natasha
  1937 | D:2      | Reached skill level 5 in Fighting
  2077 | D:2      | Noticed Natasha
  2086 | D:2      | Killed Natasha
  2187 | D:3      | Found a broken altar of Ashenzari.
  2528 | D:3      | Found Roatuy's Book Emporium.
  2614 | D:3      | Found a bloodstained altar of Trog.
  3086 | D:4      | Found a staircase to the Ecumenical Temple.
  3105 | Temple   | Entered the Ecumenical Temple
  3581 | D:4      | Found a transporter.
  3584 | D:4      | Found a transporter.
  3584 | D:4      | Found a one-way gate to the infinite horrors of the Abyss.
  3584 | D:4      | Noticed Shym's ghost (amateur HOMo)
  3630 | D:4      | Reached XP level 7. HP: 60/61 MP: 8/8
  3673 | D:4      | Reached skill level 5 in Short Blades
  3727 | D:4      | Found a sacrificial altar of Ru.
  4001 | D:5      | Entered Level 5 of the Dungeon
  4053 | D:5      | Reached skill level 5 in Dodging
  4365 | D:5      | Found a glowing golden altar of the Shining One.
  4561 | D:5      | Reached skill level 6 in Fighting
  4896 | D:5      | Reached XP level 8. HP: 70/70 MP: 9/9
  4945 | D:5      | Noticed Blork the orc
  4954 | D:5      | Killed Blork the orc
  4972 | D:5      | Noticed Eustachio
  4982 | D:5      | Killed Eustachio
  4983 | D:5      | Reached skill level 5 in Armour
  5456 | D:6      | Found a hazy altar of Hepliaklqana.
  5556 | D:6      | Found a basalt altar of Yredelemnul.
  5953 | D:6      | Reached skill level 7 in Fighting
  6412 | D:6      | Reached skill level 5 in Invocations
  6485 | D:6      | Found a hide-covered altar of Uskayaw.
  6502 | D:6      | Reached XP level 9. HP: 73/79 MP: 11/11
  6504 | D:6      | Became a worshipper of Uskayaw the Reveller
  6504 | D:6      | Reached * piety under Uskayaw
  6791 | D:7      | Reached ** piety under Uskayaw
  6799 | D:7      | Reached *** piety under Uskayaw
  6801 | D:7      | Reached **** piety under Uskayaw
  6804 | D:7      | Reached ***** piety under Uskayaw
  6812 | D:7      | Slain by a wight

Illustrated notes

Levels and vault maps discovered:
D:1:      kilobyte_arrival_exit_the_forest, layout_basic
D:2:      layout_loops_corners, basic_altar, minmay_between, uniq_robin,
          uniq_sigmund, uniq_natasha
D:3:      layout_loops_corners, mainiacjoe_overflow_catwalk_spiral,
          serial_shops, shop
D:4:      cheibrodos_helix_gallery, layout_loops_ring,
          mainiacjoe_overflow_concentric_impassable,
          minmay_temple_entry_junction_2, gammafunk_ghost_abyssal_escape,
          minmay_crystal_water, minivault_19
D:5:      layout_basic, nicolae_tso_carved_into_rock, serial_rivers,
          chequers_serial_rivers_micro_e, chequers_serial_rivers_small_a,
          chequers_serial_rivers_micro_b, chequers_serial_rivers_large_a,
          uniq_blork_the_orc, uniq_eustachio
D:6:      layout_loops_ring, nicolae_uskayaw_dance_hall, old_standard_altar,
          lemuel_round_altar
D:7:      layout_gridville, enter_bailey_3, gammafunk_ghost_icy, st_stairs_5,
          kennysheep_generic_room_4
Temple:   nicolae_temple_godpark

Skill      XL: |  1  2  3  4  5  6  7  8 |
---------------+-------------------------+-----
Armour         | 1 2 3 4 6 |  6.2
Invocations    | 1 2 3 5 |  5.1
Fighting       | 4 5 6 7 |  7.4
Short Blades   | 4 5 6 |  6.7
Dodging        | 4 5 6 |  6.7

Action                     |  1- 3 |  4- 6 |  7- 9 || total
---------------------------+-------+-------+-------++-------
  Melee: Short sword       |   100 |       |       ||   100
         Headbutt          |    21 |    19 |    68 ||   108
         Dagger            |       |    99 |   247 ||   346
    Use: Potion            |       |       |     2 ||     2
         Scroll            |       |       |     1 ||     1
   Stab: Paralysed         |       |       |     1 ||     1
 Armour: Robe              |    17 |    15 |       ||    32
         Scale mail        |       |       |    60 ||    60
  Dodge: Dodged            |    65 |    67 |    84 ||   216

Table legend: (Time is in decaauts)
 A = Elapsed time spent in this place.
 B = Non-inter-level travel time spent in this place.
 C = Inter-level travel time spent in this place.
 D = Time resting spent in this place.
 E = Time spent auto-exploring this place.
 F = Levels seen in this place.
 G = Mean time per level.
                   A        B        C        D        E       F      G
               +--------+--------+--------+--------+--------+-----+--------+
         Total |   6741 |   6419 |    322 |    664 |   4946 |   8 |  842.6 |
       Dungeon |   6491 |   6182 |    309 |    597 |   4784 |   7 |  927.3 |
        Temple |    249 |    236 |     13 |     67 |    161 |   1 |  249.0 |
               +--------+--------+--------+--------+--------+-----+--------+

Top non-repeatable levels by time:
     D:5: 1671 daAuts
     D:2: 1219 daAuts
     D:6: 1064 daAuts
     D:1: 877 daAuts
     D:3: 848 daAuts
     D:4: 789 daAuts
  Temple: 249 daAuts
     D:7: 19 daAuts
